 Dungeon Crawl Stone Soup version 0.22-a0-570-g58866f5 (webtiles) character file.

766 iamserjio the Skirmisher (level 7, 0/44 HPs)
             Began as a Gargoyle Fighter on June 30, 2018.
             Was a Follower of Trog.
             Killed from afar by an orc wizard (7 damage)
             ... with a puff of frost
             ... on level 6 of the Dungeon.
             The game lasted 00:09:24 (1406 turns).

iamserjio the Skirmisher (Gargoyle Fighter)         Turns: 1406, Time: 00:09:26

Health: 0/44       AC: 12    Str: 20    XL:     7   Next: 82%
Magic:  7/7        EV:  7    Int:  9    God:    Trog [*.....]
Gold:   117        SH: 10    Dex: 10    Spells: 6/6 levels left

rFire    . . .     SeeInvis .   a - +0 war axe
rCold    . . .     Gourm    .   c - +0 shield
rNeg     + . .     Faith    +   b - +0 scale mail
rPois    ∞         Spirit   .   (no helmet)
rElec    +         Reflect  .   (no cloak)
rCorr    .         Harm     .   (no gloves)
MR       .....                  (no boots)
Stlth    ..........             u - amulet of faith
HPRegen  0.14/turn              (no ring)
MPRegen  0.10/turn              (no ring)

@: berserk cooldown, slowed, very slow
A: negative energy resistance 1, electricity resistance, unbreathing,
petrification resistance, rot immunity, AC +4
a: Berserk, Renounce Religion


You were on level 6 of the Dungeon.
You worshipped Trog.
Trog was aware of your devotion.
You were very hungry.

You visited 2 branches of the dungeon, and saw 7 of its levels.

You collected 117 gold pieces.

Inventory:

Hand Weapons
 a - a +0 war axe (weapon)
 i - a +2 long sword of freezing
 p - a +0 flail
 r - a +0 mace of venom
Missiles
 d - 4 steel tomahawks (quivered)
Armour
 b - a +0 scale mail (worn)
 c - a +0 shield (worn)
 k - a +0 buckler of fire resistance
Jewellery
 u - an amulet of faith (around neck)
Wands
 j - a wand of enslavement (9)
Scrolls
 e - 2 scrolls of remove curse {@r2}
 g - a scroll of immolation
 m - a scroll of fog
 n - 2 scrolls of enchant weapon {unknown}
 t - a scroll of identify {unknown}
Potions
 h - a potion of invisibility {unknown}
 l - a potion of curing {@q1}
 o - 2 potions of cancellation {unknown}
 s - a potion of lignification {unknown}
 v - a potion of brilliance {unknown}
Comestibles
 f - 9 rations
 q - 4 chunks of flesh


   Skills:
 + Level 5.2 Fighting
 * Level 5.1 Axes
 + Level 5.2 Armour
 + Level 5.2 Shields


You had 6 spell levels left.
You didn't know any spells.
Your spell library contained the following spells:

 Spells                   Type           Power        Failure   Level  Hunger
 Confuse                  Hex            #.......     100%        3    ####...
 Confusing Touch          Hex            #.....       98%         1    ##.....
 Metabolic Englaciation   Hex/Ice        #.........   100%        5    ######.
 Petrify                  Tmut/Erth      #.......     100%        4    #####..
 Gell's Gravitas          Tloc           #.........   100%        3    ####...
 Yara's Violent Unravell  Hex/Tmut       #.........   100%        5    ######.


Dungeon Overview and Level Annotations

Branches:
Dungeon (6/15)             Temple (1/1) D:5

Altars:
Ashenzari
Dithmenos
Elyvilon
Makhleb
Sif Muna
Trog
Vehumet
Zin
The Shining One


Innate Abilities, Weirdness & Mutations

You are resistant to torment.
Your stone body is resilient. (AC +4)
You are immune to poison.
You resist negative energy. (rN+)
You are resistant to electric shocks. (rElec)
You can survive without breathing.
You are immune to petrification.
You are immune to rotting.


Message History

You hit the orc wizard but do no damage.
The orc wizard is moderately wounded.
You barely miss something. Something hits you but does no damage.
The orc wizard closely misses you. Something hits you but does no damage.
The orc wizard gestures at you while chanting.
The magic dart hits you!
* * * LOW HITPOINT WARNING * * *
Something hits you but does no damage.
You hit the orc wizard but do no damage.
The orc wizard is moderately wounded.
You closely miss something. Something hits you but does no damage.
You block the orc wizard's attack.
You hear some strange, mumbled words.
A puff of flame appears from out of thin air!
You block the puff of flame.
The orc wizard hits you but does no damage.
You hear some strange, mumbled words.
A puff of frost appears from out of thin air!
The puff of frost hits you!
You die...

#.# # .# ### ##(##. .# #
.. ... .oo..# .. # .##.#
#o##.###.### ...#
#<##....... # #..#
####...... ...###..#
#....####
.......)########....#...
.......@)().............
......o########.....#.##
###############.....#.##
.............#.##
##########....##.##
..............#.#
####.#.##########.#.#
.......<....... ....
####.########## .#.#


You could see an orc wizard.

Vanquished Creatures
  2 sky beasts (D:5)
  A phantom (D:5)
  A bullfrog (D:6)
  A howler monkey (D:5)
  A hound (D:4)
  An orc priest (D:6)
  7 orc wizards
  2 worker ants (D:6)
  A hound zombie (D:6)
  4 gnolls (D:6)
  An adder (D:6)
  2 worms
  A dart slug (D:1)
  A leopard gecko (D:2)
  11 orcs
  A hobgoblin (D:3)
  3 kobolds
  A quokka (D:4)
  3 frilled lizards
  A goblin (D:3)
  3 rats (D:2)
49 creatures vanquished.

Notes
Turn   | Place    | Note
-------+----------+-------------------------------------------
     0 | D:1      | iamserjio the Gargoyle Fighter began the quest for the Orb.
     0 | D:1      | Reached XP level 1. HP: 14/14 MP: 1/1
    43 | D:1      | You fall through a shaft!
   130 | D:2      | Reached XP level 2. HP: 18/19 MP: 2/2
   223 | D:3      | Found a glowing golden altar of the Shining One.
   344 | D:3      | Found a white marble altar of Elyvilon.
   539 | D:5      | Entered Level 5 of the Dungeon
   541 | D:5      | Found a staircase to the Ecumenical Temple.
   546 | Temple   | Entered the Ecumenical Temple
   559 | Temple   | Became a worshipper of Trog the Wrathful
   688 | D:5      | Noticed a howler monkey
   693 | D:5      | Killed a howler monkey
   693 | D:5      | Reached XP level 3. HP: 24/24 MP: 3/3
   710 | D:5      | Noticed a phantom
   712 | D:5      | Noticed a sky beast
   738 | D:5      | Killed a sky beast
   738 | D:5      | Reached XP level 4. HP: 18/29 MP: 4/4
   738 | D:5      | Reached XP level 5. HP: 21/33 MP: 5/5
   793 | D:5      | Killed a phantom
   793 | D:5      | Reached XP level 6. HP: 19/39 MP: 6/6
   837 | D:5      | Noticed a sky beast
   845 | D:5      | Killed a sky beast
   944 | D:4      | Found a shattered altar of Ashenzari.
  1106 | D:4      | Reached XP level 7. HP: 25/44 MP: 7/7
  1149 | D:4      | Reached * piety under Trog
  1225 | D:6      | Reached skill level 5 in Fighting
  1225 | D:6      | Reached skill level 5 in Armour
  1225 | D:6      | Reached skill level 5 in Shields
  1374 | D:6      | Reached skill level 5 in Axes
  1406 | D:6      | Killed from afar by an orc wizard

Vault maps used:
D:1:      dpeg_arrival_more_subterranean_lakeside_camping
D:2:      lemuel_coloured_pillars_altar
D:3:      kennysheep_ying_yang, old_standard_altar, serial_glass,
          glass_columns_b, glass_columns_a, portal_sewer_entry_e,
          due_unseen_surprise
D:4:      marbit_many_paths, evilmike_ruin_ashenzari
D:5:      temple_statues, first_ration, tgw_kikubaaqudgha
D:6:      interstate_on_off, minmay_misc_feat_hallway
Temple:   dshaligram_water_room_temple

Skill      XL: |  1  2  3  4  5  6  7 |
---------------+----------------------+-----
Axes           | 2 3 4 5 |  5.1
Fighting       | 4 5 |  5.2
Armour         | 4 5 |  5.2
Shields        | 4 5 |  5.2

Action                   |  1- 3 |  4- 6 |  7- 9 || total
-------------------------+-------+-------+-------++-------
Melee: War axe           |    69 |    68 |   111 ||   248
Throw: Tomahawk          |       |     1 |       ||     1
Invok: Berserk           |       |       |     2 ||     2
Evoke: Wand              |       |       |     1 ||     1
  Use: Scroll            |     4 |       |       ||     4
       Potion            |     1 |       |     1 ||     2
  Eat: Chunk             |       |     1 |     2 ||     3
Armor: Scale mail        |    40 |    38 |   104 ||   182
Dodge: Dodged            |    17 |    15 |    31 ||    63
Block: Shield            |    25 |    28 |    80 ||   133

Table legend:
 A = Spawn XP
 B = Non-spawn XP
 C = Spawn XP percentage of total XP
 D = Spawn monster count
 E = Non-spawn monster count
 F = Spawn count percentage of total count
 G = Total turns spent on level
                    A         B        C        D         E        F      G
               +---------+---------+-------+---------+---------+-------+---------
         Total |       0 |    1095 |   0.0 |       0 |      49 |   0.0 |  1406
               +---------+---------+-------+---------+---------+-------+---------
           D:1 |       0 |       8 |   0.0 |       0 |       3 |   0.0 |    92
           D:2 |       0 |       7 |   0.0 |       0 |       5 |   0.0 |    90
           D:3 |       0 |      11 |   0.0 |       0 |       5 |   0.0 |   273
           D:4 |       0 |     176 |   0.0 |       0 |       8 |   0.0 |   315
           D:5 |       0 |     496 |   0.0 |       0 |       9 |   0.0 |   400
           D:6 |       0 |     397 |   0.0 |       0 |      19 |   0.0 |   209
               +---------+---------+-------+---------+---------+-------+---------
